 Dungeon Sprint DCSS version 0.30.1 (webtiles) character file.

Game seed: 5012918509532983532

0 boopmooplesden the Trooper (level 2, 0/25 HPs)
             Began as a Demonspawn Berserker on July 8, 2023.
             Was a Believer of Trog.
             Slain by a scorpion (4 damage)
             ... in the Dungeon (Sprint VI: "Thunderdome").
             The game lasted 00:00:32 (57 turns).

boopmooplesden the Trooper (Demonspawn Berserker)     Turns: 57, Time: 00:00:33

Health: 0/25       AC:  2    Str: 17    XL:     2   Next: 0%
Magic:  2/2        EV: 13    Int: 17    God:    Trog [**....]
Gold:   65         SH:  0    Dex: 20    Spells: 1/1 levels left

rFire   . . .        a - +0 spear
rCold   . . .        (no shield)
rNeg    . . .        b - +0 animal skin
rPois   .            (no helmet)
rElec   +            (no cloak)
rCorr   .            (no gloves)
SInv    .            (no boots)
Will    .....        (no amulet)
Stlth   +++          o - ring "Opuxal" {Int+3 Dex+6}
HPRegen 0.24/turn    n - ring of Fuos {rElec Int+6}
MPRegen 0.08/turn

%: no teleportation
@: no status effects
A: thin skeletal structure 1
a: Renounce Religion, Berserk, Trog's Hand


You were in the Dungeon.
You worshipped Trog.
Trog was pleased with you.
You visited 1 branch You collected 200 gold pieces.
You spent 135 gold pieces at shops.

Inventory:

Hand Weapons
 a - a +0 spear (weapon)
Armour
 b - a +0 animal skin (worn)
Jewellery
 m - the amulet "Osoux" {RegenMP Fragile Int+3 Dex+3}
   (You bought it in a shop in the Dungeon)

   [amulet of magic regeneration]

   It increases your rate of magic regeneration.
   Int:       It affects your intelligence (+3).
   Dex:       It affects your dexterity (+3).
   Fragile:   It will be destroyed if unequipped.
 n - the ring of Fuos (right hand) {rElec Int+6}
   (You bought it in a shop in the Dungeon)

   [ring of intelligence]

   Int:       It affects your intelligence (+6).
   rElec:     It insulates you from electricity.
 o - the ring "Opuxal" (left hand) {Int+3 Dex+6}
   (You bought it in a shop in the Dungeon)

   [ring of dexterity]

   Int:       It affects your intelligence (+3).
   Dex:       It affects your dexterity (+6).
Wands
 j - a wand of light (5)
 k - a wand of roots (5)
Scrolls
 h - 4 scrolls of blinking
 l - 3 scrolls of fog
Potions
 d - 4 potions of heal wounds
 e - 4 potions of haste
 f - 2 potions of magic
 g - a potion of berserk rage
 i - a potion of resistance


   Skills:
 + Level 3.9 Fighting
 + Level 3.5 Polearms
 + Level 2.0 Armour
 + Level 2.1 Dodging


You had one spell level left.
You didn't know any spells.
Your spell library was empty.

Dungeon Overview and Level Annotations

Branches:
Dungeon (1/1)

Altars:
Cheibriados
Kikubaaqudgha
Makhleb
Qazlal
Ru
Wu Jian
Yredelemnul

Shops:
D *[?


Innate Abilities, Weirdness & Mutations

You have a somewhat thin skeletal structure. (Dex +2, Stealth+)


Message History

Trog accepts your kill.
You can now call upon Trog for regeneration and willpower.
You have reached level 2!
Your demonic ancestry asserts itself...
Your bones become slightly less dense.
A scorpion comes into view.
A scorpion is nearby!
Found a glowing golden altar of the Shining One.
You hit the scorpion.
The scorpion is moderately wounded.
The scorpion stings you.
You hit the scorpion but do no damage.
The scorpion is moderately wounded.
The scorpion closely misses you.
You hit the scorpion.
The scorpion is heavily wounded.
The scorpion closely misses you.
You hit the scorpion but do no damage.
The scorpion is heavily wounded.
The scorpion misses you.
You hit the scorpion but do no damage.
The scorpion is heavily wounded.
The scorpion stings you.
You closely miss the scorpion.
The scorpion is heavily wounded.
The scorpion closely misses you. The scorpion stings you.
* * * LOW HITPOINT WARNING * * *
You are lethally poisoned!
The scorpion poisons you!
You closely miss the scorpion.
The scorpion is heavily wounded.
* * * LOW HITPOINT WARNING * * *
You feel very sick. The scorpion barely misses you.
You feel better. The scorpion stings you.
* * * LOW HITPOINT WARNING * * *
You hit the scorpion but do no damage.
The scorpion is heavily wounded.
The scorpion stings you.
You die...

#_....... #........
#_.......
###.........###
#⌠...........⌠#
######.8...... ..8.#
##.___...s..# .....
###∩.......@8.# .8...
##.............###.....
#⌠..........###...#
#⌠..........# #.<.#
#⌠..........# #...#
##.............###...
###∩........8.# .8...
##∩___......# .....
######.8..... ..8.#


You could see a scorpion.

Vanquished Creatures
  2 worms (D)
  A giant cockroach (D)
3 creatures vanquished.

Notes
Turn   | Place    | Note
-------+----------+-------------------------------------------
     0 | D        | boopmooplesden the Demonspawn Berserker began the quest for
                  | the Orb.
     0 | D        | Reached XP level 1. HP: 18/18 MP: 1/1
     3 | D        | Found a stormy altar of Qazlal.
     3 | D        | Found a sacrificial altar of Ru.
     4 | D        | Found a burning altar of Makhleb.
     5 | D        | Found a snail-covered altar of Cheibriados.
     5 | D        | Found a basalt altar of Yredelemnul.
     5 | D        | Round 1.
     6 | D        | Found an ornate altar of the Wu Jian Council.
     6 | D        | Found an ancient bone altar of Kikubaaqudgha.
     6 | D        | Found Eblom's Identification Station.
     7 | D        | Found Ypiuhami's Jewellery.
     7 | D        | Found Ygucal's Advanced Armour.
    32 | D        | Bought a brightly glowing lead amulet for 45 gold pieces
    32 | D        | Identified the amulet "Osoux" {RegenMP Fragile Int+3 Dex+3}
                  | (You bought it in a shop in the Dungeon)
    32 | D        | Bought a steaming steel ring for 45 gold pieces
    32 | D        | Identified the ring of Fuos {rElec Int+6} (You bought it in
                  | a shop in the Dungeon)
    32 | D        | Bought a serpentine platinum ring for 45 gold pieces
    32 | D        | Identified the ring "Opuxal" {Int+3 Dex+6} (You bought it
                  | in a shop in the Dungeon)
    42 | D        | Reached ** piety under Trog
    43 | D        | Gained mutation: You have a somewhat thin skeletal
                  | structure. (Dex +2, Stealth+) [demonic ancestry]
    43 | D        | Reached XP level 2. HP: 14/25 MP: 2/2
    45 | D        | Noticed a scorpion
    57 | D        | Slain by a scorpion

Illustrated notes

Levels and vault maps discovered:
D:        arena_sprint

Skill      XL: |  1 |
---------------+----+-----
Polearms       | 3 |  3.5
Dodging        | 2 |  2.1
Armour         | 2 |  2.0
Fighting       | |  3.9

Action                     || total
---------------------------++-------
  Melee: Spear             ||    23
    Use: Potion            ||     1
  Dodge: Dodged            ||    10
